 Dungeon Crawl Stone Soup version 0.29-a0-474-gdfe5cd140f (webtiles) character file.

Game seed: 2880052664424307255

114 happo123 the Ruffian (level 4, -1/45 HPs)
             Began as a Troll Monk on May 23, 2022.
             Slain by an orc wizard
             ... wielding a +4 dagger
              (3 damage)
             ... on level 4 of the Dungeon.
             The game lasted 00:07:06 (1812 turns).

happo123 the Ruffian (Troll Monk)                   Turns: 1812, Time: 00:07:07

Health: -1/45      AC:  4    Str: 21    XL:     4   Next: 67%
Magic:  4/4        EV: 10    Int:  6    God:
Gold:   215        SH:  0    Dex: 12    Spells: 4/4 levels left

rFire   . . .      SeeInvis .     - Unarmed
rCold   . . .      Faith    .   (no shield)
rNeg    . . .      Spirit   .   a - +0 robe
rPois   .          Reflect  .   (helmet restricted)
rElec   .          Harm     .   (no cloak)
rCorr   .          Rampage  .   (gloves unavailable)
Will    .....                   (boots unavailable)
Stlth   ++........              (no amulet)
HPRegen 0.95/turn               c - ring of flight
MPRegen 0.09/turn               r - +4 ring of slaying

@: flying
A: large, unfitting armour, claws 3, regeneration 1, shaggy fur 1, tough skin 1
a: no special abilities


You were on level 4 of the Dungeon.
You visited 1 branch of the dungeon, and saw 4 of its levels.

You collected 215 gold pieces.

Inventory:

Armour
 a - a +0 robe (worn)
Jewellery
 c - a ring of flight (left claw)
 r - a +4 ring of slaying (right claw)
Scrolls
 d - 2 scrolls of poison {unknown}
 e - 4 scrolls of identify {unknown}
 f - a scroll of summoning {unknown}
 i - a scroll of immolation {unknown}
 m - a scroll of enchant armour {unknown}
 o - a scroll of enchant weapon {unknown}
 q - a scroll of fog {unknown}
Potions
 b - a potion of ambrosia
 g - a potion of might {unknown}
 h - a potion of curing {unknown}
 j - a potion of attraction {unknown}
 k - a potion of mutation {unknown}
 l - a potion of lignification {unknown}
 n - a potion of magic {unknown}
 p - 2 potions of invisibility {unknown}


   Skills:
 * Level 3.2 Fighting
 + Level 2.8 Dodging
 + Level 1.3 Stealth
 * Level 3.7 Unarmed Combat
 + Level 0.8 Spellcasting


You had 4 spell levels left.
You didn't know any spells.
Your spell library was empty.

Dungeon Overview and Level Annotations

Branches:
Dungeon (4/15)
 Temple: D:4-7

Altars:


Innate Abilities, Weirdness & Mutations

You are too large for most types of armour.
You have claws for hands.
Your natural rate of healing is unusually fast.
You are covered in fur. (AC +1)
You have tough skin. (AC +1)


Message History

You are confused.
The endoplasm completely misses you.
You barely miss something. The orc hits you with a +0 short sword.
The endoplasm barely misses you.
You hear some strange, mumbled words.
A magic dart appears from out of thin air!
The magic dart hits you.
You claw something! The orc hits you but does no damage.
The endoplasm barely misses you. The orc attacks as you move away!
The orc completely misses you. The ufetubus barely misses you. x2
The orc hits you with a +0 short sword.
The endoplasm hits you but does no damage.
A magic dart appears from out of thin air!
The magic dart hits you.
You bump into the rock wall.
The ufetubus barely misses you. The ufetubus hits you.
The orc hits you with a +0 short sword. The endoplasm barely misses you.
The ufetubus hits you. x2
* * * LOW HITPOINT WARNING * * *
The orc attacks as you move away! The orc hits you but does no damage.
Something hits you.
* * * LOW HITPOINT WARNING * * *
You feel less confused.
There are monsters nearby!
You barely miss the orc. The ufetubus closely misses you.
The ufetubus hits you but does no damage.
You barely miss the orc. Something hits you.
* * * LOW HITPOINT WARNING * * *
The ufetubus barely misses you.
The ufetubus hits you but does no damage.
You claw the orc!
You kill the orc!
The ufetubus hits you but does no damage.
The ufetubus barely misses you. Something hits you.
* * * LOW HITPOINT WARNING * * *
You claw the orc!
You kill the orc!
The ufetubus hits you but does no damage. x2
Something hits you.
You die...

#### ##.#. ##### ##....
##.#.## ##..... #.....#
....... #.....#
.......#####.....##
.........##@......#
#...J.J5.....##
###)..........#
###..).......###
#...........####
#<.<.##........#.###
#.... .........#...##
......................#
o...$.................#


You could see an ufetubus and 2 endoplasms.

Vanquished Creatures
  An orc priest (D:4)
  3 adders (D:2)
  3 dart slugs
  2 orcs (D:4)
  9 ball pythons
  2 endoplasms
  4 giant cockroaches
  6 goblins
  A hobgoblin (D:1)
  A quokka (D:2)
  6 bats
  8 frilled lizards
  7 kobolds
  5 rats
58 creatures vanquished.

Notes
Turn   | Place    | Note
-------+----------+-------------------------------------------
     0 | D:1      | happo123 the Troll Monk began the quest for the Orb.
     0 | D:1      | Reached XP level 1. HP: 22/22 MP: 0/0
   235 | D:1      | Reached XP level 2. HP: 29/29 MP: 1/1
   690 | D:2      | Reached XP level 3. HP: 36/36 MP: 2/2
   926 | D:2      | Found a faded altar of an unknown god.
   960 | D:2      | Reached XP level 4. HP: 45/45 MP: 3/3
  1350 | D:3      | Identified the +10 whip of Accidental Termination {vorpal,
                  | rC+ rCorr}
  1811 | D:4      | HP: 1/45 [something (6)]
  1812 | D:4      | Slain by an orc wizard

Illustrated notes

Levels and vault maps discovered:
D:1:      minmay_arrival_five_plusses, layout_loops_ring, minmay_cupped
D:2:      layout_loops_ring, chequers_ecumenical_altar_island,
          minmay_misc_feat_four_crosses
D:3:      layout_basic
D:4:      layout_cave_pools, hangedman_minor_gate_pass

Skill      XL: |  1  2  3 |
---------------+----------+-----
Fighting       | 3 |  3.2
Dodging        | |  2.8
Stealth        | |  1.3
Unarmed Combat | |  3.7
Spellcasting   | |  0.8

Action                   |  1- 3 |  4- 6 || total
-------------------------+-------+-------++-------
Melee: Unarmed           |    95 |    40 ||   135
       Punch             |     1 |     2 ||     3
 Stab: Sleeping          |     2 |     2 ||     4
Armor: Robe              |    40 |    21 ||    61
Dodge: Dodged            |    60 |    28 ||    88

Table legend: (Time is in decaauts)
 A = Elapsed time spent in this place.
 B = Non-inter-level travel time spent in this place.
 C = Inter-level travel time spent in this place.
 D = Time resting spent in this place.
 E = Time spent auto-exploring this place.
 F = Levels seen in this place.
 G = Mean time per level.
                   A        B        C        D        E       F      G
               +--------+--------+--------+--------+--------+-----+--------+
         Total |   1801 |   1545 |    256 |      0 |   1164 |   4 |  450.2 |
       Dungeon |   1801 |   1545 |    256 |      0 |   1164 |   4 |  450.2 |
               +--------+--------+--------+--------+--------+-----+--------+

Top non-repeatable levels by time:
     D:1: 656 daAuts
     D:2: 588 daAuts
     D:3: 487 daAuts
     D:4: 69 daAuts
